 Dungeon Crawl Stone Soup version 0.28-a0-8-g6e044cfa68 (webtiles) character file.

Game seed: 13440306722241219172

2042 robertstho the Cleaver (level 9, -24/72 (79) HPs)
             Began as a Minotaur Berserker on July 23, 2021.
             Was a Priest of Trog.
             Killed from afar by Maggie (30 damage)
             ... with a bolt of fire
             ... on level 7 of the Dungeon.
             The game lasted 00:06:19 (5552 turns).

robertstho the Cleaver (Minotaur Berserker)         Turns: 5552, Time: 00:06:20

HP:   -24/72 (79)   AC: 14    Str: 23    XL:     9   Next: 4%
MP:   8/8           EV: 10    Int:  5    God:    Trog [***...]
Gold: 244           SH:  0    Dex: 17    Spells: 8/8 levels left

rFire   . . .      SeeInvis .   a - +1 hand axe
rCold   + . .      Faith    .   (no shield)
rNeg    . . .      Spirit   .   g - +1 storm dragon scales
rPois   .          Reflect  .   (helmet restricted)
rElec   +          Harm     .   (no cloak)
rCorr   .          Rampage  .   (no gloves)
Will    .....                   (no boots)
Stlth   ..........              (no amulet)
HPRegen 0.22/turn               n - ring of protection from cold
MPRegen 0.11/turn               o - +6 ring of dexterity

@: mesmerised, drained
A: horns 2, retaliatory headbutt
a: Renounce Religion, Berserk, Trog's Hand


You were on level 7 of the Dungeon.
You worshipped Trog.
Trog was most pleased with you.
You visited 1 branch of the dungeon, and saw 7 of its levels.

You collected 244 gold pieces.

Inventory:

Hand Weapons
 a - a +1 hand axe (weapon)
Armour
 g - +1 storm dragon scales (worn)
Jewellery
 n - a ring of protection from cold (left hand)
 o - a +6 ring of dexterity (right hand)
 r - an amulet of guardian spirit
Wands
 s - a wand of polymorph (11)
Scrolls
 c - a scroll of enchant weapon
 k - a scroll of holy word {unknown}
 l - 3 scrolls of teleportation {unknown}
 m - a scroll of fear
 p - a scroll of identify {unknown}
Potions
 b - a potion of magic {unknown}
 d - a potion of might {unknown}
 e - a potion of ambrosia {unknown}
 f - a potion of resistance {unknown}
 h - a potion of haste {unknown}
 i - a potion of heal wounds {unknown}
 j - 2 potions of flight {unknown}
 q - a potion of berserk rage {unknown}
 t - a potion of curing {unknown}
 u - a potion of attraction {unknown}


   Skills:
 + Level 7.2 Fighting
 + Level 9.7 Axes
 + Level 8.4 Armour
 + Level 3.5 Dodging
 + Level 1.2 Stealth


You had 8 spell levels left.
You didn't know any spells.
Your spell library was empty.

Dungeon Overview and Level Annotations

Branches:
Dungeon (7/15)             Temple (0/1) D:4

Altars:
Ashenzari
Cheibriados
Dithmenos
Yredelemnul
The Shining One

Shops:
D:6 :

Annotations:
D:6 1 runed translucent door
D:7 Maggie


Innate Abilities, Weirdness & Mutations

You have a pair of horns on your head.
You reflexively headbutt those who attack you in melee.


Message History

You hit Maggie but do no damage. Maggie barely misses you.
You hit the howler monkey zombie.
The howler monkey zombie is severely damaged.
You hit Maggie.
The howler monkey zombie closely misses you.
You furiously retaliate!
You headbutt the howler monkey zombie!
You destroy the howler monkey zombie!
Trog accepts your kill.
You hit Maggie. You headbutt Maggie, but do no damage.
Maggie is moderately wounded.
Maggie mumbles some strange words.
Maggie draws you further into her thrall.
You hit Maggie. You headbutt Maggie.
Maggie is heavily wounded.
Maggie hits you with a +1 glaive of draining.
You feel drained.
You hit Maggie but do no damage. You headbutt Maggie.
Maggie is heavily wounded.
Maggie hits you with a +1 glaive of draining.
You feel drained.
You hit Maggie but do no damage. Your headbutt misses Maggie.
Maggie is heavily wounded.
Maggie hits you with a +1 glaive of draining!
You feel drained.
You hit Maggie. You headbutt Maggie.
Maggie is heavily wounded.
Maggie gestures wildly while chanting.
Maggie draws you further into her thrall.
You hit Maggie. Your headbutt misses Maggie.
Maggie is heavily wounded.
You hit Maggie.
Maggie is severely wounded.
Maggie casts a spell at you. The bolt of fire hits you!
* * * LOW HITPOINT WARNING * * *
You hit Maggie.
Maggie is severely wounded.
Maggie points at you and mumbles some strange words.
The bolt of fire hits you!!
You die...

####### #.....#
########.
######.....#####........
................@@......
################........
# #........ # .........
# ......... ######
#......... .....#
#[........ .....#
#...###### .....#


You could see Maggie (mesmerising).

Vanquished Creatures
  Grinder (D:6)
  3 water moccasins
  A necrophage (D:4)
  The ghost of zazu2006 the Magician, an amateur NaWz (D:3)
  2 ogres (D:5)
  2 centaurs
  Blork the orc (D:5)
  2 scorpions
  A water moccasin zombie (D:5)
  3 water moccasin skeletons
  A howler monkey (D:4)
  A bullfrog zombie (D:6)
  A human zombie (D:6)
  2 hounds
  2 jellies
  An orc priest (D:5)
  A bullfrog skeleton (D:5)
  2 centaur skeletons
  An iguana (D:5)
  3 orc wizards
  A killer bee zombie (D:7)
  2 howler monkey zombies (D:7)
  6 adders
  A shadow imp (D:6)
  4 dart slugs
  17 orcs
  11 endoplasms
  3 giant cockroaches (D:1)
  6 goblins
  4 hobgoblins
  4 jackals (D:3)
  2 quokkas
  5 ball pythons
  8 bats
  3 frilled lizards
  4 kobolds
  A quokka skeleton (D:4)
  4 rats
118 creatures vanquished.

Notes
Turn   | Place    | Note
-------+----------+-------------------------------------------
     0 | D:1      | robertstho the Minotaur Berserker began the quest for the
                  | Orb.
     0 | D:1      | Reached XP level 1. HP: 19/19 MP: 0/0
   100 | D:1      | Reached XP level 2. HP: 24/27 MP: 1/1
   143 | D:1      | Reached skill level 4 in Axes
   603 | D:1      | Reached XP level 3. HP: 34/34 MP: 2/2
  1149 | D:2      | Reached ** piety under Trog
  1154 | D:2      | Reached XP level 4. HP: 41/41 MP: 3/3
  1229 | D:2      | Reached skill level 5 in Axes
  1229 | D:2      | Reached XP level 5. HP: 39/47 MP: 4/4
  1372 | D:2      | Reached skill level 5 in Fighting
  1413 | D:2      | Found a glowing golden altar of the Shining One.
  1795 | D:3      | Found a shadowy altar of Dithmenos.
  1965 | D:3      | Reached skill level 6 in Axes
  1965 | D:3      | Reached XP level 6. HP: 56/56 MP: 5/5
  2339 | D:3      | Found a runed translucent gate.
  2339 | D:3      | Found a runed translucent gate.
  2339 | D:3      | Found a runed translucent gate.
  2341 | D:3      | Noticed zazu2006's ghost (amateur NaWz)
  2353 | D:3      | Killed zazu2006's ghost
  2516 | D:4      | Found a staircase to the Ecumenical Temple.
  2682 | D:4      | Found a snail-covered altar of Cheibriados.
  2692 | D:4      | Reached XP level 7. HP: 44/62 MP: 6/6
  2796 | D:4      | Reached skill level 7 in Axes
  2947 | D:5      | Entered Level 5 of the Dungeon
  2965 | D:5      | Reached skill level 1 in Stealth
  2971 | D:5      | Reached skill level 5 in Armour
  3158 | D:5      | Reached *** piety under Trog
  3574 | D:5      | Reached skill level 8 in Axes
  3574 | D:5      | Reached XP level 8. HP: 31/71 MP: 7/7
  4113 | D:5      | Noticed Blork the orc
  4118 | D:5      | Killed Blork the orc
  4355 | D:6      | Found Nycuota's Book Shop.
  4416 | D:6      | Found a broken altar of Ashenzari.
  4499 | D:6      | Found a runed translucent door.
  4500 | D:6      | Found a basalt altar of Yredelemnul.
  4519 | D:6      | Reached skill level 9 in Axes
  5078 | D:6      | Noticed Grinder
  5089 | D:6      | Killed Grinder
  5264 | D:6      | Reached XP level 9. HP: 74/79 MP: 8/8
  5533 | D:7      | Noticed Maggie
  5552 | D:7      | Killed from afar by Maggie

Illustrated notes

Levels and vault maps discovered:
D:1:      shiori_arrival_oz, layout_loops_ring, minmay_tromino_v4_a
D:2:      layout_basic, basic_altar, kennysheep_another_room
D:3:      layout_basic, mainiacjoe_overflow_concentric_impassable,
          ebering_ghost_rock_garden
D:4:      layout_basic, lemuel_crystal_altar, tso_altar,
          minmay_temple_entry_glass, portal_sewer_entry_d
D:5:      layout_gridville, minmay_misc_feat_roman, uniq_blork_the_orc
D:6:      layout_loops_ring, old_standard_altar, dk_yredelemnul_ordeal,
          serial_shops, shop_statue, nicolae_water_bricks, uniq_grinder
D:7:      layout_basic, uniq_maggie

Skill      XL: |  1  2  3  4  5  6  7  8 |
---------------+-------------------------+-----
Fighting       | 4 5 6 7 |  7.2
Axes           | 4 5 6 8 9 |  9.7
Armour         | 3 4 6 8 |  8.4
Dodging        | 3 |  3.5
Stealth        | 1 |  1.2

Action                   |  1- 3 |  4- 6 |  7- 9 || total
-------------------------+-------+-------+-------++-------
Melee: Hand axe          |    72 |    93 |   177 ||   342
       Headbutt          |    10 |    15 |    51 ||    76
Invok: Berserk           |     1 |     2 |     5 ||     8
  Use: Scroll            |       |     5 |     1 ||     6
Armor: Animal skin       |     5 |       |       ||     5
       Storm dragon scal |    18 |    48 |    82 ||   148
Dodge: Dodged            |    38 |    30 |    85 ||   153

Table legend: (Time is in decaauts)
 A = Elapsed time spent in this place.
 B = Non-inter-level travel time spent in this place.
 C = Inter-level travel time spent in this place.
 D = Time resting spent in this place.
 E = Time spent auto-exploring this place.
 F = Levels seen in this place.
 G = Mean time per level.
                   A        B        C        D        E       F      G
               +--------+--------+--------+--------+--------+-----+--------+
         Total |   5623 |   5454 |    169 |    629 |   4144 |   7 |  803.3 |
       Dungeon |   5623 |   5454 |    169 |    629 |   4144 |   7 |  803.3 |
               +--------+--------+--------+--------+--------+-----+--------+

Top non-repeatable levels by time:
     D:5: 1397 daAuts
     D:6: 1124 daAuts
     D:1: 914 daAuts
     D:3: 781 daAuts
     D:2: 728 daAuts
     D:4: 563 daAuts
     D:7: 113 daAuts
